 Dungeon Crawl Stone Soup version 0.30.0-5-g1a98f26d00 (webtiles) character file.

Game seed: 16412320692207348956

660 retardedninja the Firebug (level 7, -3/51 HPs)
             Began as a Gnoll Fire Elementalist on May 12, 2023.
             Slain by a sky beast (5 damage)
             ... on level 6 of the Dungeon.
             The game lasted 00:07:12 (6950 turns).

retardedninja the Firebug (Gnoll Fire Elementalist) Turns: 6950, Time: 00:07:14

Health: -3/51      AC:  6    Str:  8    XL:     7   Next: 56%
Magic:  13/15      EV: 13    Int: 16    God:
Gold:   318        SH:  0    Dex: 12    Spells: 14/17 levels left

rFire   . . .        o - +0 trident
rCold   . . .        (no shield)
rNeg    + . .        a - +0 robe
rPois   .            k - +2 hat
rElec   .            (no cloak)
rCorr   .            (no gloves)
SInv    .            A - +1 pair of boots
Will    .....        (no amulet)
Stlth   +++          c - ring of positive energy
HPRegen 0.28/turn    (no ring)
MPRegen 0.14/turn

%: no passive effects
@: lethally poisoned (-3 -> -9)
A: fangs 1, strong nose, distributed training
a: no special abilities


You were on level 6 of the Dungeon.
You visited 1 branch of the dungeon, and saw 6 of its levels.

You collected 318 gold pieces.

Inventory:

Hand Weapons
 o - a +0 trident (weapon)
Armour
 a - a +0 robe (worn)
 k - a +2 hat (worn)
 A - a +1 pair of boots (worn)
Jewellery
 c - a ring of positive energy (left hand)
Wands
 z - a wand of mindburst (9)
Scrolls
 d - 7 scrolls of identify {unknown}
 g - 3 scrolls of fog {unknown}
 h - 2 scrolls of brand weapon {unknown}
 i - 2 scrolls of blinking {unknown}
 j - 2 scrolls of immolation {unknown}
 l - a scroll of magic mapping {unknown}
 n - 2 scrolls of teleportation {unknown}
 r - 3 scrolls of vulnerability {unknown}
 s - a scroll of fear {unknown}
 t - a scroll of acquirement {unknown}
 u - a scroll of poison {unknown}
 w - a scroll of enchant armour {unknown}
 y - a scroll of enchant weapon {unknown}
Potions
 e - a potion of haste {unknown}
 f - a potion of flight {unknown}
 m - 2 potions of curing
 p - 2 potions of mutation {unknown}
 q - a potion of brilliance {unknown}
 v - a potion of cancellation {unknown}
 x - 2 potions of berserk rage {unknown}


   Skills:
 + Level 2.6 Fighting
 + Level 2.6 Short Blades
 + Level 2.6 Long Blades
 + Level 2.6 Axes
 + Level 2.6 Maces & Flails
 + Level 2.6 Polearms
 + Level 2.6 Staves
 + Level 2.6 Ranged Weapons
 + Level 2.6 Throwing
 + Level 2.6 Armour
 + Level 5.3 Dodging
 + Level 5.0 Stealth
 + Level 2.6 Shields
 + Level 2.6 Unarmed Combat
 + Level 5.7 Spellcasting
 + Level 3.1 Conjurations
 + Level 2.1 Hexes
 + Level 2.1 Summonings
 + Level 2.1 Necromancy
 + Level 2.1 Translocations
 + Level 2.1 Transmutations
 + Level 5.9 Fire Magic
 + Level 2.1 Ice Magic
 + Level 2.1 Air Magic
 + Level 2.1 Earth Magic
 + Level 2.1 Poison Magic
 + Level 3.0 Invocations
 + Level 2.6 Evocations


You had 14 spell levels left.
You knew the following spells:

 Your Spells              Type           Power      Damage    Failure   Level
a - Foxfire               Conj/Fire      76%        2x1d7     2%          1
b - Scorch                Fire           46%        2d7       1%          2

Your spell library contained the following spells:

 Spells                   Type           Power      Damage    Failure   Level
 Inner Flame              Hex/Fire       17%        N/A       9%          3
 Volatile Blastmotes      Fire/Tloc      34%        2d12      9%          3
 Ignite Poison            Fire/Tmut/Pois 15%        N/A       11%         3
 Flame Wave               Conj/Fire      19%        2d7       22%         4
 Sticky Flame             Conj/Fire      19%        2d4       22%         4
 Borgnjor's Revivificati  Necr           5%         N/A       100%        8
 Ignition                 Fire           11%        3d5       100%        8
 Necromutation            Tmut/Necr      5%         N/A       100%        8
 Death's Door             Necr           5%         N/A       100%        9


Dungeon Overview and Level Annotations

Branches:
Dungeon (6/15)
 Temple: D:4-7

Altars:
Elyvilon
Gozag
Hepliaklqana
Ru
Sif Muna
Uskayaw
Xom

Shops:
D:2 (   D:4 =

Annotations:
D:3 1 runed translucent door, jasper's ghost, weakling SpBr


Innate Abilities, Weirdness & Mutations

You have very sharp teeth.
Your uncanny sense of smell can sniff out nearby items.
Your experience applies equally to all skills.


Message History

The scorpion is heavily wounded.
The scorpion's fire resistance burns away.
You feel sick. The scorpion misses you. The scorpion barely misses you.
The scorpion stings you.
You are more poisoned.
The scorpion poisons you!
The scorpion stings you but does no damage.
Casting: Scorch (safe; 1% risk of failure)
Confirm with . or Enter, or press ? or * to list all spells.
Flames lash something.
You feel very sick. The scorpion misses you. The scorpion stings you.
A sky beast appears from thin air!
Reactivating autopickup.
Casting: Scorch (safe; 1% risk of failure)
Confirm with . or Enter, or press ? or * to list all spells.
You don't have enough magic to cast this spell.
Unknown command.
Casting: Scorch (safe; 1% risk of failure)
Confirm with . or Enter, or press ? or * to list all spells.
You don't have enough magic to cast this spell.
Unknown command.
Magic courses through your body.
You feel very sick.
The scorpion stings you but does no damage.
The scorpion closely misses you. The sky beast closely misses you.
Casting: Scorch (safe; 1% risk of failure)
Confirm with . or Enter, or press ? or * to list all spells.
Flames lash the sky beast.
The sky beast is burned terribly!
The sky beast is almost dead.
You feel sick.
The scorpion is no longer more vulnerable to fire.
The scorpion stings you.
* * * LOW HITPOINT WARNING * * *
The scorpion stings you.
* * * LOW HITPOINT WARNING * * *
The sky beast hits you.
* * * LOW HITPOINT WARNING * * *
The sky beast shocks you.
You die...

.##### )l.....
.....## ##.#...
####..#### #####....
##....#######....))#
####..(##....###..#
###....###....##
#...........#...##
...#########.#sl.# #
#.@so.# ###Y..#
#...# #...# #...#
#...# #####


You could see a sky beast (combustible), 2 scorpions, an iguana and an orc.

Vanquished Creatures
  An orc warrior (D:6)
  An ogre (D:4)
  A scorpion (D:4)
  A hound (D:6)
  2 orc priests
  A jelly (D:6)
  3 orc wizards
  An iguana (D:4)
  6 adders
  A gnoll (D:1)
  A white imp (D:5)
  An ufetubus (D:5)
  An adder zombie (D:3)
  3 dart slugs
  15 orcs
  11 ball pythons
  9 endoplasms
  2 giant cockroaches (D:1)
  6 goblins
  6 hobgoblins
  7 jackals
  3 quokkas
  2 ball python zombies (D:3)
  12 bats
  3 frilled lizards
  A giant cockroach zombie (D:3)
  6 kobolds
  2 quokka skeletons (D:3)
  9 rats
118 creatures vanquished.

Vanquished Creatures (collateral kills)
  3 foxfires (D:3)
3 creatures vanquished.

Vanquished Creatures (others)
  540 foxfires
540 creatures vanquished.

Grand Total: 661 creatures vanquished

Notes
Turn   | Place    | Note
-------+----------+-------------------------------------------
     0 | D:1      | retardedninja the Gnoll Fire Elementalist began the quest
                  | for the Orb.
     0 | D:1      | Reached XP level 1. HP: 13/13 MP: 6/6
   130 | D:1      | Reached XP level 2. HP: 18/19 MP: 5/7
   394 | D:1      | Reached skill level 5 in Spellcasting
   394 | D:1      | Reached XP level 3. HP: 25/25 MP: 6/9
   719 | D:1      | Reached skill level 1 in Invocations
  1397 | D:1      | Reached skill level 1 in Fighting
  1397 | D:1      | Reached skill level 1 in Short Blades
  1397 | D:1      | Reached skill level 1 in Long Blades
  1397 | D:1      | Reached skill level 1 in Axes
  1397 | D:1      | Reached skill level 1 in Maces & Flails
  1397 | D:1      | Reached skill level 1 in Polearms
  1397 | D:1      | Reached skill level 1 in Staves
  1397 | D:1      | Reached skill level 1 in Ranged Weapons
  1397 | D:1      | Reached skill level 1 in Throwing
  1397 | D:1      | Reached skill level 1 in Armour
  1397 | D:1      | Reached skill level 1 in Shields
  1397 | D:1      | Reached skill level 1 in Unarmed Combat
  1397 | D:1      | Reached skill level 1 in Evocations
  1410 | D:1      | Learned a level 2 spell: Scorch
  1634 | D:2      | Found Cisihaon's Antique Weapon Shop.
  1641 | D:2      | Reached XP level 4. HP: 24/32 MP: 7/11
  1938 | D:2      | Reached skill level 1 in Hexes
  1938 | D:2      | Reached skill level 1 in Summonings
  1938 | D:2      | Reached skill level 1 in Necromancy
  1938 | D:2      | Reached skill level 1 in Translocations
  1938 | D:2      | Reached skill level 1 in Transmutations
  1938 | D:2      | Reached skill level 1 in Ice Magic
  1938 | D:2      | Reached skill level 1 in Air Magic
  1938 | D:2      | Reached skill level 1 in Earth Magic
  1938 | D:2      | Reached skill level 1 in Poison Magic
  2386 | D:2      | Found Wuderad's Weapon Shoppe.
  2824 | D:3      | Found a shimmering blue altar of Sif Muna.
  2866 | D:3      | Found a hazy altar of Hepliaklqana.
  3114 | D:3      | Found a runed translucent door.
  3114 | D:3      | Noticed jasper's ghost (weakling SpBr)
  3149 | D:3      | Reached XP level 5. HP: 37/37 MP: 8/12
  3720 | D:4      | Found a sacrificial altar of Ru.
  4119 | D:4      | Noticed an ogre
  4126 | D:4      | Killed an ogre
  4127 | D:4      | Reached XP level 6. HP: 31/44 MP: 4/13
  4235 | D:4      | Reached skill level 5 in Dodging
  4588 | D:4      | Found Duptudgh's Jewellery Boutique.
  4813 | D:4      | Found a hide-covered altar of Uskayaw.
  4815 | D:4      | Found a shimmering altar of Xom.
  4815 | D:4      | Found an opulent altar of Gozag.
  4987 | D:4      | Found a white marble altar of Elyvilon.
  5039 | D:5      | Entered Level 5 of the Dungeon
  6435 | D:6      | Reached XP level 7. HP: 43/50 MP: 10/15
  6929 | D:6      | Reached skill level 5 in Stealth
  6950 | D:6      | HP: 2/51 [sky beast (1)]
  6950 | D:6      | Slain by a sky beast

Illustrated notes

Levels and vault maps discovered:
D:1:      zelgadis_glass_arrival_small, layout_loops_ring,
          minmay_split_cup_large
D:2:      layout_rooms, serial_shops, nicolae_square_shop,
          nicolae_shop_advertising_works [nicolae_subvault_shop_adworks],
          minmay_diced_spiral
D:3:      layout_loops_ring, mainiacjoe_overflow_large_starburst, serial_undead,
          serial_undead_a, serial_undead_d, serial_undead_b, serial_undead_b,
          hellmonk_ghost_happy_afterlife, minmay_misc_feat_square
D:4:      layout_cave_pods, nicolae_overflow_hidden_temple, serial_shops,
          kennysheep_mini_moat, minmay_door_square
D:5:      layout_layer_cave
D:6:      layout_rooms, minmay_temple_entry_overgrown

Skill      XL: |  1  2  3  4  5  6  7 |
---------------+----------------------+-----
Conjurations   | 2 3 |  3.1
Spellcasting   | 5 |  5.7
Invocations    | 1 2 3 |  3.0
Fighting       | 1 2 |  2.6
Short Blades   | 1 2 |  2.6
Long Blades    | 1 2 |  2.6
Axes           | 1 2 |  2.6
Maces & Flails | 1 2 |  2.6
Polearms       | 1 2 |  2.6
Staves         | 1 2 |  2.6
Ranged Weapons | 1 2 |  2.6
Throwing       | 1 2 |  2.6
Armour         | 1 2 |  2.6
Shields        | 1 2 |  2.6
Unarmed Combat | 1 2 |  2.6
Evocations     | 1 2 |  2.6
Hexes          | 1 2 |  2.1
Summonings     | 1 2 |  2.1
Necromancy     | 1 2 |  2.1
Translocations | 1 2 |  2.1
Transmutations | 1 2 |  2.1
Ice Magic      | 1 2 |  2.1
Air Magic      | 1 2 |  2.1
Earth Magic    | 1 2 |  2.1
Poison Magic   | 1 2 |  2.1
Dodging        | 5 |  5.3
Stealth        | 5 |  5.0
Fire Magic     | |  5.9

Action                     |  1- 3 |  4- 6 |  7- 9 || total
---------------------------+-------+-------+-------++-------
  Melee: Unarmed           |     2 |       |       ||     2
         Rapier            |     3 |     2 |       ||     5
   Cast: Foxfire           |   111 |   192 |    18 ||   321
         Scorch            |       |     8 |    11 ||    19
  Evoke: Wand              |       |       |     6 ||     6
    Use: Potion            |       |       |     2 ||     2
 Armour: Robe              |    10 |     9 |    18 ||    37
  Dodge: Dodged            |    27 |    17 |    24 ||    68
